 Dungeon Crawl Stone Soup version 0.24.0-125-gc4c63601f3 (webtiles) character file.

Game seed: 66041386797375346, levelgen mode: deterministic

6447 Kniotic the Destroyer (level 10, -3/69 HPs)
             Began as a Demigod Conjurer on Feb 20, 2020.
             Slain by a six-headed hydra (9 damage)
             ... on level 8 of the Dungeon.
             The game lasted 00:24:35 (10007 turns).

Kniotic the Destroyer (Demigod Conjurer)           Turns: 10007, Time: 00:24:36

Health: -3/69      AC:  4    Str: 11    XL:     10   Next: 40%
Magic:  23/26      EV: 12    Int: 23    God:
Gold:   426        SH:  0    Dex: 20    Spells: 16/25 levels left

rFire    + . .     SeeInvis .   d - +7 dagger of Fear {drain, rF++ MR+ Int-5 Dex+4}
rCold    + . .     Gourm    .   (no shield)
rNeg     . . .     Faith    .   a - +0 robe
rPois    .         Spirit   .   (no helmet)
rElec    .         Reflect  .   t - +1 cloak
rCorr    .         Harm     .   (no gloves)
MR       ++...                  (no boots)
Stlth    ++........             (no amulet)
HPRegen  0.21/turn              l - ring of ice
MPRegen  0.20/turn              I - +3 ring of intelligence

@: no status effects
A: high mp 1
a: no special abilities


You were on level 8 of the Dungeon.
You were very hungry.

You visited 2 branches of the dungeon, and saw 10 of its levels.

You collected 426 gold pieces.

Inventory:

Hand Weapons
 d - the +7 dagger of Fear (weapon) {drain, rF++ MR+ Int-5 Dex+4}
   (You found it on level 4 of the Dungeon)

   A truly terrible weapon, it drains the life of those it strikes.
   It affects your intelligence (-5).
   It affects your dexterity (+4).
   It greatly protects you from fire.
   It affects your resistance to hostile enchantments.
 e - a +0 short sword
 n - a +2 short sword of venom
 w - a +3 trident
 K - the cursed +1 hand axe of Domination {chop, +Rage rN+++ Dex-5 Stlth+}
   (You found it on level 8 of the Dungeon)

   It inflicts extra damage upon your enemies.
   It affects your dexterity (-5).
   It renders you almost immune to negative energy.
   It lets you go berserk.
   It makes you more stealthy.
   It has a curse placed upon it.
Armour
 a - a +0 robe (worn)
 t - a +1 cloak (worn)
Jewellery
 l - a ring of ice (left hand)
 m - a +4 ring of strength
 G - an uncursed ring of stealth {unknown}
 I - a +3 ring of intelligence (right hand)
Wands
 r - a wand of iceblast (8)
 v - a wand of clouds (3)
 y - a wand of digging (4)
 A - a wand of acid (2)
 E - a wand of flame (16)
 F - a wand of random effects (15)
Scrolls
 f - 3 scrolls of fog
 g - 4 scrolls of teleportation
 h - 3 scrolls of immolation {unknown}
 i - 4 scrolls of remove curse
 k - 2 scrolls of amnesia {unknown}
 s - 4 scrolls of enchant armour {unknown}
 x - a scroll of blinking {unknown}
 B - a scroll of magic mapping {unknown}
 J - 2 scrolls of brand weapon {unknown}
Potions
 b - a potion of heal wounds
 j - a potion of brilliance
 o - 4 potions of might
 p - a potion of invisibility {unknown}
 q - 3 potions of curing
 u - 2 potions of ambrosia {unknown}
 z - a potion of cancellation {unknown}
 C - a potion of degeneration {unknown}
 D - a potion of resistance {unknown}
 H - 2 potions of lignification {unknown}
Comestibles
 c - 9 rations
 L - 2 chunks of flesh


   Skills:
 - Level 1.7 Dodging
 - Level 1.7 Stealth
 + Level 8.1 Spellcasting
 - Level 10.0 Conjurations
 - Level 8.0 Hexes


You had 16 spell levels left.
You knew the following spells:

 Your Spells              Type           Power        Failure   Level  Hunger
a - Magic Dart            Conj           ####         1%          1    None
b - Iskenderun's Mystic   Conj           ######..     1%          4    ###....
c - Fulminant Prism       Conj/Hex       ######....   1%          4    ###....

Your spell library contained the following spells:

 Spells                   Type           Power        Failure   Level  Hunger
 Confusing Touch          Hex            #####.       1%          1    None
 Corona                   Hex            #####..      1%          1    None
 Ensorcelled Hibernation  Hex/Ice        #####.       1%          2    None
 Searing Ray              Conj           ######       1%          2    None
 Confuse                  Hex            #####...     1%          3    None
 Dazzling Spray           Conj/Hex       ######       1%          3    None
 Tukima's Dance           Hex            #####...     1%          3    None
 Animate Skeleton         Necr           N/A          7%          1    None
 Apportation              Tloc           #.....       7%          1    None
 Beastly Appendage        Tmut           #.....       7%          1    None
 Summon Small Mammal      Summ           #...         7%          1    None
 Force Lance              Conj/Tloc      ####....     9%          4    ###....
 Sticks to Snakes         Tmut           #.......     11%         2    None
 Spider Form              Tmut/Pois      #.........   21%         3    None
 Ice Form                 Ice/Tmut       ##......     56%         4    ###....
 Blade Hands              Tmut           #.........   88%         5    #####..


Dungeon Overview and Level Annotations

Branches:
Dungeon (9/15)             Temple (0/1) D:4            Lair (1/6) D:8
    Orc: D:9-12

Annotations:
D:3 2 transporters, viktor89's ghost, amateur MfSu


Innate Abilities, Weirdness & Mutations

You have an increased reservoir of magic. (+10% MP)


Message History

The six-headed hydra closely misses you.
The six-headed hydra bites you! The six-headed hydra barely misses you.
The six-headed hydra misses you.
You climb upwards.
Welcome back to the Dungeon!
There is a staircase to the Lair here.
The six-headed hydra bites you. The six-headed hydra bites you!
The six-headed hydra bites you.
* * * LOW HITPOINT WARNING * * *
The six-headed hydra bites you.
* * * LOW HITPOINT WARNING * * *
The six-headed hydra barely misses you. The six-headed hydra bites you!
* * * LOW HITPOINT WARNING * * *
There is an open door here.
Things that are here:
a cursed +0 chain mail; a cursed -2 short sword The six-headed hydra bites you but does no damage.
The six-headed hydra bites you.
* * * LOW HITPOINT WARNING * * *
The six-headed hydra bites you!
You die...

#..P..####..P.....### #
#P......P...P..#..# #
#.P......P.P..##..# #
#...P.P.P..P..##..#
#........P....##..#
#...........#.##..#
#.......##..#.##.)#
##......##..#.##D.#
#.....(##..#.##@.#
#......###.#.##..#
######## #.#.##..#
#.#.##..###############
#......................
####..###...##############
#.........>.#
#.##.#.##.#.#
#.#.......#.#


You could see a six-headed hydra.

Vanquished Creatures
  Harold (D:7)
  Pikel (D:7)
  Psyche (D:9)
  A rime drake (Lair:1)
  A hippogriff (D:8)
  Sigmund (D:2)
  3 yaks (Lair:1)
  Menkaure (D:4)
  2 water moccasins (Lair:1)
  A porcupine (D:8)
  3 orc warriors
  4 black bears
  4 ice beasts
  4 slaves
  5 ogres
  2 centaurs
  6 bullfrogs
  A gnoll sergeant (D:8)
  2 scorpions (D:8)
  6 howler monkeys
  2 crimson imps
  3 jellies
  8 orc priests
  2 hounds
  5 orc wizards
  A gnoll shaman (D:6)
  6 worker ants
  2 hound zombies
  A howler monkey skeleton (D:6)
  2 worker ant zombies
  12 gnolls
  12 adders
  2 shadow imps (D:5)
  8 oozes (D:4)
  An adder skeleton (D:6)
  4 worms
  2 dart slugs (D:3)
  4 leopard geckos
  27 orcs
  A ball python (D:1)
  3 bats (D:1)
  7 giant cockroaches
  8 goblins
  5 hobgoblins
  6 jackals
  12 kobolds
  2 quokkas (D:4)
  4 frilled lizards
  2 giant cockroach zombies (D:5)
  2 leopard gecko skeletons
  A leopard gecko zombie (D:5)
  6 rats
  5 fungi (D:8)
  2 plants (D:8)
220 creatures vanquished.

Vanquished Creatures (others)
  47 fulminant prisms
  6 fungi (D:8)
  13 plants
  10 toadstools (D:4)
76 creatures vanquished.

Grand Total: 296 creatures vanquished

Notes
Turn   | Place    | Note
-------+----------+-------------------------------------------
     0 | D:1      | Kniotic the Demigod Conjurer began the quest for the Orb.
     0 | D:1      | Reached XP level 1. HP: 14/14 MP: 5/5
   322 | D:1      | Reached XP level 2. HP: 20/20 MP: 0/7
   624 | D:1      | Reached skill level 4 in Conjurations
  1209 | D:2      | Noticed an ogre
  1217 | D:2      | Killed an ogre
  1217 | D:2      | Reached XP level 3. HP: 26/26 MP: 0/10
  1217 | D:2      | Reached XP level 4. HP: 33/33 MP: 0/11
  1466 | D:2      | Found a bloodstained altar of Trog.
  1466 | D:2      | Found a white marble altar of Elyvilon.
  1466 | D:2      | Found a basalt altar of Yredelemnul.
  1467 | D:2      | Found an ornate altar of the Wu Jian Council.
  1618 | D:2      | Noticed Sigmund
  1631 | D:2      | Killed Sigmund
  1631 | D:2      | Reached skill level 5 in Conjurations
  1631 | D:2      | Reached XP level 5. HP: 38/38 MP: 3/14
  2001 | D:3      | Found a transporter.
  2005 | D:3      | Noticed viktor89's ghost (amateur MfSu)
  2118 | D:3      | Learned a level 4 spell: Iskenderun's Mystic Blast
  2126 | D:3      | Learned a level 4 spell: Fulminant Prism
  2235 | D:3      | Noticed an ice beast
  2245 | D:3      | Killed an ice beast
  2245 | D:3      | Reached XP level 6. HP: 45/45 MP: 2/16
  2338 | D:3      | Found a transporter.
  2497 | D:3      | Found a faded altar of an unknown god.
  2692 | D:4      | Reached skill level 5 in Spellcasting
  2834 | D:4      | Noticed Menkaure
  3171 | D:4      | Found a staircase to the Ecumenical Temple.
  3207 | D:4      | Killed Menkaure
  3207 | D:4      | Reached XP level 7. HP: 16/50 MP: 3/19
  3461 | D:4      | Reached skill level 1 in Hexes
  3770 | D:4      | Got a scorched dagger
  4093 | D:4      | Found a burning altar of Makhleb.
  4257 | D:5      | Entered Level 5 of the Dungeon
  4420 | D:5      | Reached skill level 6 in Conjurations
  4614 | D:5      | Identified the +7 dagger of Fear {drain, rF++ MR+ Int-5
                  | Dex+4} (You found it on level 4 of the Dungeon)
  4952 | D:5      | Reached XP level 8. HP: 57/57 MP: 6/20
  5475 | D:6      | Reached skill level 7 in Conjurations
  5924 | D:6      | Reached skill level 5 in Hexes
  6966 | D:6      | Reached skill level 8 in Conjurations
  7146 | D:7      | Noticed Pikel
  7533 | D:7      | Reached XP level 9. HP: 46/62 MP: 13/21
  7542 | D:7      | Killed Pikel
  7542 | D:7      | Reached skill level 9 in Conjurations
  7943 | D:7      | Noticed Harold
  7957 | D:7      | Killed Harold
  8368 | D:8      | Reached skill level 10 in Conjurations
  8737 | D:8      | Reached XP level 10. HP: 66/69 MP: 12/22
  8948 | D:8      | Found a stormy altar of Qazlal.
  9188 | D:8      | Got a crystal hand axe
  9189 | D:8      | Identified the cursed +1 hand axe of Domination {chop,
                  | +Rage rN+++ Dex-5 Stlth+} (You found it on level 8 of the
                  | Dungeon)
  9335 | D:8      | Found a staircase to the Lair.
  9669 | D:9      | Noticed Psyche
  9687 | D:9      | Killed Psyche
  9712 | Lair:1   | Entered Level 1 of the Lair of Beasts
  9962 | Lair:1   | Found a glowing silver altar of Zin.
  9965 | Lair:1   | Noticed a six-headed hydra
 10007 | D:8      | Slain by a six-headed hydra

Levels and vault maps discovered:
D:1:      evilmike_arrival_run_for_it, layout_rooms, hex_large
D:2:      layout_basic, chequers_temple_overflow_statue_of_worship,
          kennysheep_flooded_box, uniq_sigmund
D:3:      layout_loops_ring, gammafunk_ghost_stat_death,
          chequers_ecumenical_altar_island
D:4:      cheibrodos_fertilizer, layout_basic, lightli_temple_of_fire,
          minmay_temple_entry_statues_fountains, uniq_menkaure
D:5:      layout_rooms, first_ration
D:6:      layout_basic, serial_rivers, chequers_serial_rivers_small_3,
          chequers_serial_rivers_micro_b, chequers_serial_rivers_micro_c,
          chequers_serial_rivers_room_b, chequers_serial_rivers_small_b
D:7:      layout_cave_pools, uniq_pikel, uniq_harold
D:8:      layout_basic, grunt_lair_entry_orc_guard_hut, basic_altar
D:9:      layout_long_grid, zin_purify, orc_0_dummy, uniq_psyche
Lair:1:   layout_chaotic_city, basic_altar, gammafunk_ghost_hive,
          portal_ice_cave_demonic_guard, serial_bayou_shore_a,
          grunt_megastairs_5, infiniplex_staircase_pool, serial_bayou_shore_b

Skill      XL: |  1  2  3  4  5  6  7  8  9 10 |
---------------+-------------------------------+-----
Spellcasting   | 2 3 4 5 6 8 |  8.1
Conjurations   | 4 5 6 8 10 | 10.0
Hexes          | 3 5 7 8 |  8.0
Dodging        | |  1.7
Stealth        | |  1.7

Action                   |  1- 3 |  4- 6 |  7- 9 | 10-12 || total
-------------------------+-------+-------+-------+-------++-------
Melee: Short sword       |     1 |     3 |    25 |       ||    29
       Dagger            |       |       |    18 |       ||    18
 Cast: Magic Dart        |    58 |   109 |   322 |    30 ||   519
       Iskenderun's Myst |       |     4 |    18 |    13 ||    35
       Fulminant Prism   |       |       |    38 |     9 ||    47
Evoke: Wand              |       |       |     3 |     4 ||     7
  Use: Scroll            |       |       |     8 |     1 ||     9
  Eat: Chunk             |     1 |     6 |    17 |     5 ||    29
       Ration            |       |       |     2 |       ||     2
Armor: Robe              |     1 |     7 |    30 |     3 ||    41
Dodge: Dodged            |     4 |    15 |    95 |    14 ||   128
